 Dungeon Crawl Stone Soup version 0.32-a0-42-ga30500b4d3 (webtiles) character file.

Game seed: 6506232274423312257

37 Ambrosia the Trooper (level 3, -3/29 HPs)
             Began as a Demonspawn Fighter on Feb 2, 2024.
             Slain by a gnoll
             ... wielding a +0 flail
              (10 damage)
             ... on level 3 of the Dungeon.
             The game lasted 00:02:24 (1603 turns).

Ambrosia the Trooper (Demonspawn Fighter)           Turns: 1603, Time: 00:02:24

Health: -3/29      AC: 10    Str: 18    XL:     3   Next: 23%
Magic:  3/3        EV:  9    Int:  8    God:
Gold:   149        SH:  5    Dex: 12    Spells: 2/2 levels left

rFire   . . .        a - +1 trident
rCold   . . .        c - +1 buckler
rNeg    . . .        b - +0 scale mail
rPois   .            i - +0 helmet
rElec   .            h - +0 cloak
rCorr   .            (no gloves)
SInv    .            (no boots)
Will    .....        f - amulet of faith {Faith, !P} Stlth
                     (no ring)
HPRegen 0.24/turn    (no ring)
MPRegen 0.08/turn

%: faith
@: mighty
A: rugged brown scales 1
a: no special abilities


You were on level 3 of the Dungeon.
You visited 1 branch of the dungeon, and saw 3 of its levels.

You collected 149 gold pieces.

Inventory:

Hand Weapons
 a - a +1 trident (weapon)
Armour
 b - a +0 scale mail (worn)
 c - a +1 buckler (worn)
 h - a +0 cloak (worn)
   (You found it on level 2 of the Dungeon)
 i - a +0 helmet (worn)
   (You found it on level 2 of the Dungeon)
Magical Staves
 k - a staff of death {rN+}
   (You found it on level 2 of the Dungeon)
Jewellery
 f - an amulet of faith (around neck) {Faith, !P}
   (You found it on level 1 of the Dungeon)
Wands
 j - a wand of iceblast (4)
   (You found it on level 2 of the Dungeon)
Potions
 e - a potion of magic
 g - a potion of mutation {unknown}


   Skills:
 + Level 3.2 Fighting
 + Level 2.2 Polearms
 + Level 3.0 Armour
 * Level 3.2 Shields


You had 2 spell levels left.
You didn't know any spells.
Your spell library was empty.

Dungeon Overview and Level Annotations

Branches:
Dungeon (3/15) Zot: 16376

Altars:


Innate Abilities, Weirdness & Mutations

You are partially covered in rugged brown scales. (AC +1, +3% HP)


Message History

A frilled lizard comes into view.
Health restored: 29 The frilled lizard hisses angrily.
You see here 17 gold pieces.
A frilled lizard is nearby!
You now have 149 gold pieces (gained 17).
A frilled lizard is nearby!
You puncture the frilled lizard!
You kill the frilled lizard!
Your Armour skill increases to level 3!
No target in view!
No target in view!
A giant cockroach comes into view.
A giant cockroach is nearby!
You hit the giant cockroach.
You kill the giant cockroach!
No target in view!
No target in view!
You see here a giant cockroach corpse.
You open the door.
A frilled lizard comes into view.
The frilled lizard hisses angrily.
There is an open door here.
A frilled lizard is nearby!
You reach to attack!
You hit the frilled lizard.
You kill the frilled lizard!
You open the door.
There is an open door here.
You see here 5 poisoned darts.
There is an open door here.
A goblin comes into view. It is wielding a +0 club.
You reach to attack!
You closely miss the goblin. You closely miss the goblin.
The goblin hits you but does no damage. x2
A goblin is nearby!
You puncture the goblin!
You kill the goblin!
No target in view!
No target in view!
Things that are here:
a +0 club; a goblin corpse
l - a scroll labelled ASHRIT BOKE
As you read the scroll labelled ASHRIT BOKE, it crumbles to dust.
You feel strangely unstable.
It was a scroll of teleportation.
No target in view!
Your surroundings suddenly seem different. 3 gnolls come into view.
The gnoll shouts! x3
The gnoll hits you with a +0 flail.
You take 2 damage, and have 27/29 hp.
Unknown command.
You hit the gnoll. The gnoll barely misses you.
There are monsters nearby!
You hit the gnoll. The gnoll closely misses you.
You closely miss the gnoll. The gnoll hits you with a +0 flail!
The gnoll closely misses you.
You take 8 damage, and have 20/29 hp.
MASSIVE DAMAGE!!
You are too injured to fight recklessly!
You feel very mighty all of a sudden. You block the gnoll's attack.
Unknown command.
Reach: a) +1 trident
Press: ? - help, Dir - move target, f - gnoll
Aim: a gnoll, wielding a +0 club (about 37% to evade your +1 trident)
Okay, then.
The gnoll hits you but does no damage.
Reach: a) +1 trident
Press: ? - help, Dir - move target, f - gnoll
Aim: a gnoll, wielding a +0 flail (heavily wounded, about 37% to evade your +1 trident)
You hit the gnoll. You block the gnoll's attack.
The gnoll hits you with a +0 club. The gnoll hits you but does no damage.
The gnoll hits you with a +0 club.
You take 6 damage, and have 15/29 hp.
MASSIVE DAMAGE!!
Reach: a) +1 trident
Press: ? - help, Dir - move target, f/p - gnoll
Aim: a gnoll, wielding a +0 flail (heavily wounded, about 37% to evade your +1 trident)
You barely miss the gnoll. The gnoll hits you but does no damage.
The gnoll closely misses you. The gnoll hits you but does no damage.
The gnoll barely misses you.
Reach: a) +1 trident
Press: ? - help, Dir - move target, f/p - gnoll
Aim: a gnoll, wielding a +0 flail (heavily wounded, about 37% to evade your +1 trident)
You barely miss the gnoll. The gnoll hits you with a +0 flail.
The gnoll barely misses you. You block the gnoll's attack.
You take 5 damage, and have 10/29 hp.
Reach: a) +1 trident
Press: ? - help, Dir - move target, f/p - gnoll
Aim: a gnoll, wielding a +0 flail (heavily wounded, about 37% to evade your +1 trident)
You completely miss the gnoll. The gnoll hits you but does no damage.
The gnoll hits you with a +0 club.
* * * LOW HITPOINT WARNING * * *
The gnoll hits you but does no damage.
You take 3 damage, and have 7/29 hp.
Reach: a) +1 trident
Press: ? - help, Dir - move target, f/p - gnoll
Aim: a gnoll, wielding a +0 flail (heavily wounded, about 37% to evade your +1 trident)
You barely miss the gnoll. The gnoll barely misses you.
The gnoll hits you but does no damage. You block the gnoll's attack.
The gnoll hits you with a +0 flail!
You die...

############
##+########
#.........#
+.........#
#.........#
##.....g...#
......g.@#
........g#
.........#
.........#
.........+
.........#
..########
..


You could see 3 gnolls.

Vanquished Creatures
  An adder (D:2)
  A ribbon worm (D:2)
  4 ball pythons (D:1 D:2 D:3)
  2 endoplasms (D:1 D:2)
  2 giant cockroaches (D:2 D:3)
  A goblin (D:3)
  2 hobgoblins (D:2 D:3)
  A quokka (D:2)
  2 bats (D:1 D:2)
  3 frilled lizards (D:1 D:3)
  2 kobolds (D:1 D:2)
  6 rats (D:1 D:2 D:3)
27 creatures vanquished.

Notes
Turn   | Place    | Note
-------+----------+-------------------------------------------
     0 | D:1      | Ambrosia the Demonspawn Fighter began the quest for the
                  | Orb.
     0 | D:1      | Reached XP level 1. HP: 18/18 MP: 1/1
   333 | D:1      | Found a faded altar of an unknown god.
   606 | D:2      | Gained mutation: You are partially covered in rugged brown
                  | scales. (AC +1, +3% HP) [demonic ancestry]
   606 | D:2      | Reached XP level 2. HP: 18/24 MP: 2/2
   726 | D:2      | Reached skill level 2 in Polearms
   726 | D:2      | Reached skill level 3 in Shields
  1068 | D:2      | Reached XP level 3. HP: 29/29 MP: 3/3
  1493 | D:3      | Reached skill level 3 in Armour
  1601 | D:3      | HP: 10/29 [gnoll/+0 flail (6)]
  1603 | D:3      | Slain by a gnoll

Illustrated notes

Levels and vault maps discovered:
D:1:      dreamdust_arrival_beginning_and_end, layout_basic,
          shapermc_ecumenical_altar_mp_highgroup, interstate_on_off
D:2:      layout_loops_ring, kennysheep_boxes
D:3:      layout_basic, mainiacjoe_overflow_brackets, serial_shops,
          nicolae_shop_behind_doors

Skill      XL: |  1  2  3 |
---------------+----------+-----
Polearms       | 2 |  2.2
Shields        | 3 |  3.2
Armour         | 3 |  3.0
Fighting       | |  3.2

Action                     || total
---------------------------++-------
  Melee: Trident           ||    83
    Use: Scroll            ||     9
         Potion            ||     1
 Armour: Scale mail        ||    45
  Dodge: Dodged            ||    25
  Block: Buckler           ||    13

Table legend: (Time is in decaauts)
 A = Elapsed time spent in this place.
 B = Non-inter-level travel time spent in this place.
 C = Inter-level travel time spent in this place.
 D = Time resting spent in this place.
 E = Time spent auto-exploring this place.
 F = Levels seen in this place.
 G = Mean time per level.
                   A        B        C        D        E       F      G
               +--------+--------+--------+--------+--------+-----+--------+
         Total |   1622 |   1568 |     54 |     99 |   1251 |   3 |  540.7 |
       Dungeon |   1622 |   1568 |     54 |     99 |   1251 |   3 |  540.7 |
               +--------+--------+--------+--------+--------+-----+--------+

Top non-repeatable levels by time:
     D:2: 850 daAuts
     D:1: 599 daAuts
     D:3: 172 daAuts

Levels and vault maps discovered:
D:1:      dreamdust_arrival_beginning_and_end, layout_basic,
          shapermc_ecumenical_altar_mp_highgroup, interstate_on_off
D:2:      layout_loops_ring, kennysheep_boxes
D:3:      layout_basic, mainiacjoe_overflow_brackets, serial_shops,
          nicolae_shop_behind_doors

Table legend: (Time is in decaauts)
 A = Elapsed time spent in this place.
 B = Non-inter-level travel time spent in this place.
 C = Inter-level travel time spent in this place.
 D = Time resting spent in this place.
 E = Time spent auto-exploring this place.
 F = Levels seen in this place.
 G = Mean time per level.
                   A        B        C        D        E       F      G
               +--------+--------+--------+--------+--------+-----+--------+
         Total |   1622 |   1568 |     54 |     99 |   1251 |   3 |  540.7 |
       Dungeon |   1622 |   1568 |     54 |     99 |   1251 |   3 |  540.7 |
               +--------+--------+--------+--------+--------+-----+--------+

Top non-repeatable levels by time:
     D:2: 850 daAuts
     D:1: 599 daAuts
     D:3: 172 daAuts

Table legend:
 A = Kills in this place as a percentage of kills in the entire game.
 B = Kills by you in this place as a percentage of kills by you in the entire game.
 C = Kills by friends in this place as a percentage of kills by friends in the entire game.
 D = Other kills in this place as a percentage of other kills in the entire game.
 E = Experience gained in this place as a percentage of experience gained in the entire game.
 F = Experience gained in this place divided by the number of levels of this place that you have seen.
                   A       B       C       D       E      F
               +-------+-------+-------+-------+-------+----------------------
         Total | 100.0 | 100.0 |   N/A |   N/A | 100.0 |  18.0
       Dungeon | 100.0 | 100.0 |   N/A |   N/A | 100.0 |  18.0
               +-------+-------+-------+-------+-------+----------------------
